 Dungeon Crawl Stone Soup version 0.29.0-5-ge4962eb29e (webtiles) character file.

Game seed: 2233334056930348251

2703 gelatine the Reanimator (level 9, 0/63 HPs)
             Began as a Demonspawn Necromancer on Aug 28, 2022.
             Was a High Priest of Ignis.
             Slain by Gastronok (19 damage)
             ... on level 8 of the Dungeon.
             The game lasted 00:27:58 (9287 turns).

gelatine the Reanimator (Demonspawn Necromancer)    Turns: 9287, Time: 00:27:59

Health: 0/63       AC: 11    Str:  8    XL:     9   Next: 38%
Magic:  0/19       EV: 17    Int: 20    God:    Ignis [*****.]
Gold:   410        SH:  0    Dex: 15    Spells: 13/21 levels left

rFire   + . .      SeeInvis .   i - +4 quarterstaff (chaos)
rCold   . . .      Faith    .   (shield currently unavailable)
rNeg    . . .      Spirit   .   P - +0 steam dragon scales
rPois   .          Reflect  .   o - +0 hat
rElec   .          Harm     .   k - +2 cloak
rCorr   .          Rampage  .   (no gloves)
Will    +....                   (no boots)
Stlth   +++.......              f - amulet of regeneration
HPRegen 1.00/turn               d - ring of willpower
MPRegen 0.16/turn               M - +4 ring of evasion

@: animating dead, slowed, very slow
A: icy blue scales 2, foul stench 1, demonic magic 1
a: Renounce Religion, Fiery Armour, Foxfire Swarm, Rising Flame


You were on level 8 of the Dungeon.
You worshipped Ignis.
Ignis was extremely pleased with you.
You visited 2 branches of the dungeon, and saw 9 of its levels.

You collected 410 gold pieces.

Inventory:

Hand Weapons
 i - a +4 quarterstaff of chaos (weapon)
 l - a +2 dagger of draining
 t - a +4 vorpal dagger
 K - a +0 shortbow
 N - a +1 whip of electrocution
 O - a +1 vampiric whip
Missiles
 r - 15 poisoned darts
Armour
 k - a +2 cloak (worn)
 o - a +0 hat (worn)
 p - a scarf of shadows
 u - a +2 robe of cold resistance
 E - a +2 leather armour of fire resistance
 P - +0 steam dragon scales (worn)
Magical Staves
 L - a staff of fire
Jewellery
 d - a ring of willpower (left hand)
 f - an amulet of regeneration (around neck)
 h - an amulet of reflection
 s - an amulet of the acrobat
 z - a ring of fire
 A - a ring of positive energy
 H - a +6 ring of strength
 M - a +4 ring of evasion (right hand)
Wands
 b - a wand of flame (23)
 x - a wand of mindburst (15)
 J - a wand of roots (8)
Scrolls
 c - 2 scrolls of poison
 e - 2 scrolls of blinking
 j - 2 scrolls of fear
 q - 2 scrolls of teleportation
 w - 2 scrolls of magic mapping
 y - 3 scrolls of butterflies
 B - 2 scrolls of amnesia
Potions
 a - 2 potions of curing
 g - 3 potions of heal wounds
 m - 3 potions of degeneration {unknown}
 n - 3 potions of brilliance {unknown}
 v - 3 potions of attraction {unknown}
 C - a potion of haste
 D - a potion of might {unknown}
 F - 2 potions of mutation {unknown}
 G - 4 potions of flight {unknown}
 I - a potion of lignification {unknown}


   Skills:
 * Level 3.1 Fighting
 + Level 0.2 Short Blades
 + Level 3.8 Staves
 + Level 2.7 Dodging
 + Level 5.2 Stealth
 + Level 6.8 Spellcasting
 + Level 9.0 Necromancy


You had 13 spell levels left.
You knew the following spells:

 Your Spells              Type           Power      Damage    Failure   Level
a - Necrotise             Necr           100%       1d9       1%          1
b - Vampiric Draining     Necr           43%        2d9       1%          3
c - Animate Dead          Necr           43%        N/A       2%          4

Your spell library contained the following spells:

 Spells                   Type           Power      Damage    Failure   Level
 Agony                    Necr           43%        N/A       6%          5
 Foxfire                  Conj/Fire      24%        2x1d5     10%         1
 Conjure Flame            Conj/Fire      6%         6-21      28%         3
 Inner Flame              Hex/Fire       6%         N/A       28%         3
 Flame Wave               Conj/Fire      6%         2d5       67%         4


Dungeon Overview and Level Annotations

Branches:
Dungeon (8/15)             Temple (1/1) D:6
   Lair: D:8-11

Altars:
Ashenzari
Cheibriados
Fedhas
Gozag
Hepliaklqana
Kikubaaqudgha
Makhleb
Nemelex Xobeh
Okawaru
Ru
Sif Muna
Trog
Uskayaw
Vehumet
Xom
Yredelemnul
Ignis

Shops:
D:4 *

Annotations:
D:8 Gastronok


Innate Abilities, Weirdness & Mutations

You are mostly covered in icy blue scales. (AC +3)
You may rarely emit foul miasma when damaged in melee.
Spells you cast may paralyse adjacent enemies.


Message History

You hear some strange, mumbled words.
You feel yourself slow down. The quokka misses you.
The rat completely misses you.
You hit something. Something bites you.
The quokka bites you but does no damage.
The rat completely misses you. The quokka closely misses you.
Something bites you but does no damage.
Casting: Vampiric Draining (safe; 1% risk of failure)
Confirm with . or Enter, or press ? or * to list all spells.
You don't have enough magic to cast this spell.
You barely miss something. The rat misses you.
The quokka completely misses you.
You hear blowing wind.
The air twists around and strikes you!!
* * * LOW HITPOINT WARNING * * *
The rat closely misses you. The quokka completely misses you.
You feel much better. The quokka misses you. The rat barely misses you.
Something bites you. The quokka misses you. The rat misses you.
You hit something. You freeze something.
You hear some strange, mumbled words.
Something tries to affect you, but you resist.
The quokka closely misses you. The rat closely misses you.
Something bites you but does no damage. The quokka misses you.
Casting: Vampiric Draining (safe; 1% risk of failure)
Confirm with . or Enter, or press ? or * to list all spells.
Aiming: Vampiric Draining (safe; 1% risk of failure)
Press: ? - help, Shift-Dir - straight line You draw life force from something.
You feel life coursing into your body. Malevolent energies surge around you.
The rat suddenly stops moving!
The quokka suddenly stops moving!
Something bites you but does no damage.
You hit something. You freeze something.
The quokka is no longer paralysed.
The quokka bites you but does no damage.
The quokka barely misses you.
You hear blowing wind.
The air twists around and strikes you!
* * * LOW HITPOINT WARNING * * *
You sock something!
The quokka bites you but does no damage.
Something bites you!!
You die...

#......##......
#.....###......
##...## ####...
##..# #### ##.##
##.## ###..#####
####.)).......
#.r@..........
#....r{Z.........
.........#........
.........##.......
........###.......
........# .......
.......## #.....
.######


You could see a quokka (summoned), a rat (summoned, paralysed) and a friendly
orc warrior zombie.

Vanquished Creatures
  Pikel (D:8)
  Sigmund (D:3)
  Eustachio (D:5)
  A steam dragon (D:7)
  3 ice beasts
  An orc warrior (D:8)
  An ogre (D:5)
  A centaur (D:7)
  A phantom (D:6)
  A bullfrog (D:7)
  3 scorpions
  A howler monkey (D:6)
  3 hounds
  A jelly (D:6)
  3 orc priests
  Crazy Yiuf (D:3)
  7 iguanas
  4 orc wizards
  Ijyb (D:5)
  7 gnolls (D:2)
  10 adders
  4 white imps
  5 worms
  A dart slug (D:5)
  18 orcs
  3 ball pythons
  5 endoplasms
  3 giant cockroaches
  14 goblins
  12 hobgoblins
  4 quokkas
  2 bats
  A frilled lizard (D:3)
  2 kobolds
  4 rats (D:1)
131 creatures vanquished.

Vanquished Creatures (collateral kills)
  An orc priest (D:5)
  Robin (D:3)
  2 shadow imps (D:5)
  A dart slug (D:1)
  An orc (D:7)
  A giant cockroach (D:2)
  2 goblins (D:1)
  A hobgoblin (D:3)
  A ball python (D:2)
11 creatures vanquished.

Vanquished Creatures (others)
  A bullfrog zombie (D:7)
  A jelly (D:7)
  A scorpion zombie (D:7)
  An orc wizard (D:7)
  An adder zombie (D:4)
  A jelly zombie (D:7)
  4 goblin zombies
  4 hobgoblin zombies
  A kobold zombie (D:4)
  10 orc zombies
  17 foxfires (D:7)
42 creatures vanquished.

Grand Total: 184 creatures vanquished

Notes
Turn   | Place    | Note
-------+----------+-------------------------------------------
     0 | D:1      | gelatine the Demonspawn Necromancer began the quest for the
                  | Orb.
     0 | D:1      | Reached XP level 1. HP: 13/13 MP: 3/3
    21 | D:1      | Found a faded altar of an unknown god.
    70 | D:1      | Prayed at the altar of an unknown god.
    70 | D:1      | Became a worshipper of Ignis, the Dying Flame
   259 | D:1      | Gained mutation: Spells you cast may paralyse adjacent
                  | enemies. [demonic ancestry]
   259 | D:1      | Reached XP level 2. HP: 19/19 MP: 1/5
   674 | D:1      | Reached skill level 5 in Necromancy
  1012 | D:2      | Gained mutation: You may rarely emit foul miasma when
                  | damaged in melee. [demonic ancestry]
  1012 | D:2      | Reached XP level 3. HP: 24/24 MP: 3/6
  1119 | D:2      | Gained mutation: You are partially covered in icy blue
                  | scales. (AC +2) [demonic ancestry]
  1119 | D:2      | Reached XP level 4. HP: 30/30 MP: 3/8
  1466 | D:2      | Reached XP level 5. HP: 36/36 MP: 5/10
  1818 | D:3      | Noticed Sigmund
  1827 | D:2      | Learned a level 3 spell: Vampiric Draining
  1832 | D:2      | Learned a level 4 spell: Animate Dead
  2014 | D:3      | Found a snail-covered altar of Cheibriados.
  2061 | D:3      | Found a runed translucent door.
  2062 | D:3      | Noticed Crazy Yiuf
  2093 | D:3      | Noticed Robin
  2109 | D:3      | Killed Robin
  2110 | D:3      | Reached skill level 6 in Necromancy
  2115 | D:3      | Killed Sigmund
  2116 | D:3      | Gained mutation: You are mostly covered in icy blue scales.
                  | (AC +3) [demonic ancestry]
  2116 | D:3      | Reached XP level 6. HP: 42/42 MP: 4/12
  4347 | D:3      | Killed Crazy Yiuf
  5335 | D:4      | Found Zin's Purification Station.
  5477 | D:4      | Reached XP level 7. HP: 47/47 MP: 8/13
  6386 | D:5      | Entered Level 5 of the Dungeon
  6409 | D:5      | Noticed Eustachio
  6434 | D:5      | Killed Eustachio
  6435 | D:5      | Reached skill level 1 in Fighting
  6435 | D:5      | Reached skill level 7 in Necromancy
  6517 | D:5      | Reached skill level 1 in Staves
  6517 | D:5      | Reached skill level 5 in Spellcasting
  6678 | D:5      | Found a burning altar of Makhleb.
  6980 | D:5      | Noticed Ijyb
  6989 | D:5      | Killed Ijyb
  7306 | D:6      | Reached XP level 8. HP: 54/54 MP: 9/16
  7345 | D:6      | Found a staircase to the Ecumenical Temple.
  7355 | Temple   | Entered the Ecumenical Temple
  7683 | D:6      | Found a blossoming altar of Fedhas.
  7684 | D:6      | Found an ancient bone altar of Kikubaaqudgha.
  7813 | D:6      | Found an opulent altar of Gozag.
  7913 | D:6      | Reached skill level 8 in Necromancy
  8613 | D:7      | Reached XP level 9. HP: 62/62 MP: 18/18
  9149 | D:8      | Noticed Pikel
  9164 | D:8      | Killed Pikel
  9165 | D:8      | Reached skill level 5 in Stealth
  9257 | D:8      | Noticed Gastronok
  9266 | D:8      | Reached skill level 9 in Necromancy
  9287 | D:8      | Slain by Gastronok

Illustrated notes

Levels and vault maps discovered:
D:1:      psy_arrival_radial01, layout_basic,
          hellmonk_ecumenical_altar_pennies_from_heaven, minmay_pentomino_u2
D:2:      minmay_evil_eye, layout_rooms
D:3:      layout_basic, chei_slow_surprise, nicolae_eternal_life, uniq_robin,
          uniq_crazy_yiuf_cottage, uniq_sigmund
D:4:      minmay_opposing_rooms, layout_loops_corners, zin_purify
D:5:      layout_loops_ring, overflow_temple_1_default,
          minmay_misc_feat_hallway, uniq_ijyb, uniq_eustachio
D:6:      layout_basic, grunt_temple_overflow_growth_and_decay,
          lemuel_crystal_altar, minmay_temple_entry_stoned_glass
D:7:      layout_cave_pools
D:8:      layout_cave_pods, serial_shops, kennysheep_mini,
          minmay_stone_trees_small, uniq_maurice, uniq_gastronok, uniq_pikel
Temple:   nicolae_temple_bog_church

Skill      XL: |  1  2  3  4  5  6  7  8  9 |
---------------+----------------------------+-----
Necromancy     | 5 6 7 8 9 |  9.0
Stealth        | 2 3 4 5 |  5.2
Spellcasting   | 3 4 5 6 |  6.8
Fighting       | 1 2 3 |  3.1
Dodging        | 2 |  2.7
Staves         | 1 3 |  3.8
Short Blades   | |  0.2

Action                   |  1- 3 |  4- 6 |  7- 9 || total
-------------------------+-------+-------+-------++-------
Melee: Dagger            |    11 |    32 |       ||    43
       Quarterstaff      |       |     8 |   143 ||   151
 Cast: Necrotise         |    44 |    80 |    60 ||   184
       Vampiric Draining |       |     3 |    29 ||    32
       Animate Dead      |       |     3 |     6 ||     9
Invok: Foxfire Swarm     |       |       |     1 ||     1
       Fiery Armour      |       |       |     1 ||     1
  Use: Potion            |       |     1 |     2 ||     3
       Scroll            |       |     6 |     6 ||    12
 Stab: Paralysed         |     3 |    15 |    30 ||    48
       Distracted        |     1 |       |       ||     1
       Sleeping          |       |       |     2 ||     2
Armor: Robe              |     2 |    18 |    42 ||    62
       Steam dragon scal |       |       |    17 ||    17
Dodge: Dodged            |    11 |    30 |   141 ||   182
